 Dungeon Crawl Stone Soup version 0.30-a0-250-g41c1d76940 (webtiles) character file.

Game seed: 3214470916841692933

37 brknglss the Firebug (level 3, 0/21 HPs)
             Began as an Octopode Fire Elementalist on Oct 12, 2022.
             Slain by a gnoll
             ... wielding a +0 flail
              (10 damage)
             ... on level 2 of the Dungeon.
             The game lasted 00:04:36 (1458 turns).

brknglss the Firebug (Octopode Fire Elementalist)   Turns: 1458, Time: 00:04:36

Health: 0/21       AC:  1    Str:  7    XL:     3   Next: 41%
Magic:  6/6        EV: 12    Int: 19    God:
Gold:   40         SH:  3    Dex: 12    Spells: 3/6 levels left

rFire   . . .      SeeInvis .    b - +0 short sword
rCold   . . .      Faith    .    c - +0 buckler
rNeg    . . .      Spirit   .    (helmet restricted)
rPois   .          Reflect  .    (no amulet)
rElec   .          Harm     .    (no ring)
rCorr   .          Rampage  .    (no ring)
Will    .....                    (no ring)
Stlth   +++.......               (no ring)
HPRegen 0.23/turn                (no ring)
MPRegen 0.10/turn                (no ring)
                                 (no ring)
                                 (no ring)

@: no status effects
A: almost no armour, amphibious, 8 rings, camouflage 1, gelatinous body 1,
(nimble swimmer 1), tentacles
a: no special abilities


You were on level 2 of the Dungeon.
You visited 1 branch of the dungeon, and saw 2 of its levels.

You collected 40 gold pieces.

Inventory:

Hand Weapons
 b - a +0 short sword (weapon)
Missiles
 h - 2 poisoned darts
Armour
 c - a +0 buckler (worn)
Scrolls
 d - a scroll of enchant armour {unknown}
 e - a scroll of poison {unknown}
 f - a scroll of teleportation {unknown}
 g - 2 scrolls of butterflies {unknown}
Potions
 a - 2 potions of magic


   Skills:
 + Level 2.2 Dodging
 - Level 2.6 Stealth
 * Level 1.2 Shields
 + Level 2.2 Spellcasting
 + Level 1.4 Conjurations
 * Level 3.5 Fire Magic


You had 3 spell levels left.
You knew the following spells:

 Your Spells              Type           Power      Damage    Failure   Level
a - Foxfire               Conj/Fire      44%        2x1d6     8%          1
b - Scorch                Fire           30%        2d6       8%          2

Your spell library contained the following spells:

 Spells                   Type           Power      Damage    Failure   Level
 Inner Flame              Hex/Fire       8%         N/A       30%         3
 Kindle Blastsparks       Fire/Tloc/Air  12%        2d11      38%         3
 Ozocubu's Armour         Ice            2%         N/A       54%         3
 Flame Wave               Conj/Fire      11%        2d6       61%         4
 Ozocubu's Refrigeration  Ice            1%         4d7       100%        7


Dungeon Overview and Level Annotations

Branches:
Dungeon (2/15)

Altars:

Shops:
D:1 (


Innate Abilities, Weirdness & Mutations

You cannot wear most types of armour.
You are amphibious.
You can wear up to eight rings at the same time.
Your skin changes colour to match your surroundings (Stealth+).
Your rubbery body absorbs attacks. (AC +1, EV +1)
((You are camouflaged when in or above water. (Stealth+)))
You have tentacles for arms and can constrict up to eight enemies at once.


Message History

The foxfire hits the adder.
The adder is lightly wounded.
The foxfire hits the adder.
The adder is heavily wounded.
Found 8 gold pieces.
There is a stone staircase leading down here.
Casting: Foxfire (safe; 9% risk of failure)
Confirm with . or Enter, or press ? or * to list all spells.
You conjure some foxfire!
The foxfire hits the adder.
The adder is severely wounded.
Found a dagger.
The foxfire hits the adder.
The adder is almost dead.
Casting: Foxfire (safe; 9% risk of failure)
Confirm with . or Enter, or press ? or * to list all spells.
You conjure some foxfire!
The adder bites you. x2
You are poisoned.
The adder poisons you!
You feel sick.
The foxfire hits the adder.
You kill the adder!
The foxfire hits the gnoll but does no damage.
You feel sick.
You feel sick.
You feel sick.
You feel sick.
You are no longer poisoned.
You see here a quokka corpse.
There is a stone staircase leading up here.
You climb upwards.
There is a stone staircase leading down here.
Memorise Scorch, consuming 2 spell levels and leaving 3?
You start memorising the spell.
You continue memorising. x2
You finish memorising.
Spell assigned to 'b'.
You start resting.
HP restored.
You start waiting.
Done waiting.
You climb downwards.
The gnoll hits you with a +0 whip. The gnoll hits you with a +0 flail.
The gnoll completely misses you. The gnoll hits you with a +0 flail!
You die...

#######
..########..###.##.....#
......# .w#
#......########
#####.#...# ##.#####
#####.#...# #.#
##...†....# #.#>#
####### ##.##.#...#
####.# #.# #......
##.##.#...# #...#
#.####(#####
......########.g##
##........##
.#.##......g.÷..@##
##.####.##...
.#.##......###.##g###.##
#.##### ...........#
#(....#.## #......
.#.........# #.......#
####### .####......#
#....##.# ## #......#
#..#.##.# ####.###
#....##.# ... #.......#
.... #......##


You could see 3 gnolls.

Vanquished Creatures
  An adder (D:2)
  A dart slug (D:1)
  2 bats (D:1)
  5 endoplasms
  3 goblins (D:1)
  A hobgoblin (D:2)
  2 kobolds (D:1)
  2 quokkas (D:2)
  A frilled lizard (D:1)
  7 rats
25 creatures vanquished.

Vanquished Creatures (others)
  41 foxfires
41 creatures vanquished.

Grand Total: 66 creatures vanquished

Notes
Turn   | Place    | Note
-------+----------+-------------------------------------------
     0 | D:1      | brknglss the Octopode Fire Elementalist began the quest for
                  | the Orb.
     0 | D:1      | Reached XP level 1. HP: 11/11 MP: 3/3
   136 | D:1      | Found a faded altar of an unknown god.
   142 | D:1      | You fall into a shaft and drop 1 floor!
   197 | D:2      | Reached XP level 2. HP: 17/17 MP: 3/5
   292 | D:1      | Found Peseel's Antique Weapon Shop.
   899 | D:1      | Reached skill level 1 in Shields
   950 | D:1      | Reached XP level 3. HP: 21/21 MP: 1/6
  1321 | D:1      | Learned a level 2 spell: Scorch
  1458 | D:2      | Slain by a gnoll

Illustrated notes

Levels and vault maps discovered:
D:1:      matt_arrival_grand_opening, layout_loops_cross, serial_shops, shop,
          ebering_ecumenical_altar_sacrificial
D:2:      layout_loops_cross

Skill      XL: |  1  2 |
---------------+-------+-----
Shields        | 1 |  1.2
Dodging        | |  2.2
Stealth        | |  2.6
Spellcasting   | |  2.2
Conjurations   | |  1.4
Fire Magic     | |  3.5

Action                   || total
-------------------------++-------
Melee: Short sword       ||    28
       Constrict         ||     7
       Tentacles         ||     6
 Cast: Foxfire           ||    30
 Stab: Sleeping          ||     3
Armor: Skin              ||     2
Dodge: Dodged            ||    12
Block: Buckler           ||     5

Table legend: (Time is in decaauts)
 A = Elapsed time spent in this place.
 B = Non-inter-level travel time spent in this place.
 C = Inter-level travel time spent in this place.
 D = Time resting spent in this place.
 E = Time spent auto-exploring this place.
 F = Levels seen in this place.
 G = Mean time per level.
                   A        B        C        D        E       F      G
               +--------+--------+--------+--------+--------+-----+--------+
         Total |   1459 |   1411 |     48 |    291 |    833 |   2 |  729.5 |
       Dungeon |   1459 |   1411 |     48 |    291 |    833 |   2 |  729.5 |
               +--------+--------+--------+--------+--------+-----+--------+

Top non-repeatable levels by time:
     D:1: 1200 daAuts
     D:2: 258 daAuts
